AoeStats
← Eugenius

Arena

508278429Analyzed
4v4 RM · 11d ago on Sep 21, 2026· 20m 29s· 8 players
Game mode
Random Map
Map size
Large (8 player)
Population
200
Speed
Normal
Resources
Standard
Victory
Conquest
Starting age
Dark Age
Ending age
Imperial Age
RankedLock teamsTeams togetherTeam positionsShared explorationLock speedFull tech treeHidden civsTurbo modeCheats
Victory
Defeat
🇺🇸 Italians · United States
1764
+9
🇲🇽 Gurjaras · Mexico
1699
+12
🇵🇪 Spanish · Peru
1673
+13
🇦🇷 Magyars · Argentina
1450
+22
1692
-18
🇻🇳 Khitans · Vietnam
1582
-13
🇯🇵 Hindustanis · Japan
1578
-13
🇺🇸 Burmese · United States
1542
-12
thanh7531
10:05 Feudal Age
12:21 Man-at-Arms
16:14 Castle Age
15:56 Loom
20:26 Town Watch
JIJINz
9:55 Feudal Age
14:14 Castle Age
12:40 Double-Bit Axe
13:22 Horse Collar
15:46 Bow Saw
16:16 Heavy Plow
20:13 Loom
trói em vào cột điện
10:42 Feudal Age
14:28 Castle Age
12:36 Double-Bit Axe
13:42 Horse Collar
15:28 Bow Saw
16:16 Fervor
19:47 Wheelbarrow
Buhr
10:00 Loom
11:58 Feudal Age
12:49 Town Watch
16:28 Castle Age
14:44 Horse Collar
17:36 Heavy Plow
quesarito
7:46 Feudal Age
8:23 Double-Bit Axe
17:23 Castle Age
15:37 Horse Collar
17:59 Fletching
18:27 Thumb Ring
18:36 Bodkin Arrow
19:40 Padded Archer Armor
19:13 Crossbowman
§Y¶# Ä
1:37 Loom
9:28 Feudal Age
14:54 Castle Age
13:59 Double-Bit Axe
14:32 Horse Collar
Rhapcore
0:26 Loom
10:59 Feudal Age
15:17 Castle Age
14:01 Double-Bit Axe
14:05 Horse Collar
15:25 Bloodlines
17:26 Scale Barding Armor
18:14 Husbandry
Eugenius
9:43 Feudal Age
13:31 Castle Age
13:42 Loom
Connection lost

Rejoining the realm…

Still unreachable

The connection could not be restored.

Session expired

The server has moved on; the page needs a fresh start.